 Dungeon Crawl Stone Soup version 0.16.1-30-g34a7ffa (webtiles) character file.

493 Jb9000 the Skirmisher (level 6, -4/48 HPs)
             Began as a Demonspawn Fighter on June 22, 2015.
             Was an Initiate of Okawaru (penitent).
             Slain by an orc knight
             ... wielding a +0 war axe
             ... created by the fury of Okawaru
              (13 damage)
             ... on level 4 of the Dungeon.
             The game lasted 00:30:18 (4128 turns).

Jb9000 the Skirmisher (Demonspawn Fighter)          Turns: 4128, Time: 00:30:18

Health: -4/48      AC: 10    Str: 17    XL:     6   Next: 92%
Magic:  2/2        EV: 12    Int:  9    God:    Okawaru [*]
Gold:   215        SH:  9    Dex: 14    Spells: 0 memorised, 5 levels left

rFire  + . .     SeeInvis .     G - +1 hand axe (antimagic)
rCold  x . .     Clarity  .     b - +0 scale mail
rNeg   + . .     SustAb   .     c - +0 shield
rPois  .         Gourm    .     u - +1 helmet
rElec  .         Spirit   .     (no cloak)
rCorr  .         Warding  +     s - +0 pair of gloves
rMut   .         Stasis   .     (no boots)
MR     .....                    E - amulet of warding
Stlth  +.........               F - ring of teleport control
                                A - ring of fire

@: short of breath, afraid, repel missiles, not resistant to hostile
enchantments, very unstealthy
A: repulsion field 3, blurry vision 1, demonic guardian 1, sense surroundings 1,
spit poison 1
a: Spit Poison, Renounce Religion, Evoke Teleport Control


You were on level 4 of the Dungeon.
You worshipped Okawaru.
Okawaru was demanding penance.
You were not hungry.

You visited 1 branch of the dungeon, and saw 4 of its levels.

You collected 215 gold pieces.

Inventory:

Hand weapons
 a - a +0 flail
 o - a +0 short sword of speed
 v - a cursed -1 dagger
 y - a +2 hand axe of chopping
 G - a +1 antimagic hand axe (weapon)
Missiles
 g - 3 tomahawks
 r - 32 poisoned needles
 z - 2 javelins (quivered)
Armour
 b - a +0 scale mail (worn)
 c - a +0 shield (worn)
 s - a +0 pair of gloves (worn)
 u - a +1 helmet (worn)
Jewellery
 l - a +2 ring of intelligence
 m - an uncursed amulet of regeneration
 A - a ring of fire (left hand)
 E - an amulet of warding (around neck)
 F - a ring of teleport control (right hand)
Magical devices
 x - a wand of polymorph (13)
Scrolls
 h - a scroll of teleportation
 n - 2 scrolls of remove curse
 D - a scroll of identify
Potions
 e - 2 potions of might
 j - 2 potions of ambrosia
 p - 3 potions of brilliance
 q - a potion of restore abilities
 t - a potion of cancellation {unknown}
 w - a potion of lignification {unknown}
Comestibles
 d - 4 bread rations
 k - 6 meat rations
 C - a slice of pizza


   Skills:
 * Level 4.0 Fighting
 * Level 1.5(2.2) Axes
 - Level 2.4(2.6) Maces & Flails
 * Level 1.5 Throwing
 * Level 3.8 Armour
 + Level 2.4 Dodging
 * Level 2.5 Stealth
 + Level 3.4 Shields


You had 5 spell levels left.
You didn't know any spells.

Dungeon Overview and Level Annotations

Branches:
Dungeon (4/15)
 Temple: D:4-7

Altars:
Cheibriados
Dithmenos
Elyvilon
Okawaru
Sif Muna
Zin

Shops:
D:3 *


Innate Abilities, Weirdness & Mutations

You are surrounded by a strong repulsion field (EV +4, rMsl).
A weak demonic guardian rushes to your aid.
Scrolls take you a little longer to read.
You passively map a small area around you.
You can spit poison.


Message History

Eat a chunk of flesh? (ye/n/q/i?) This raw flesh tastes terrible.
Your quasit bites the orc knight but does no damage.
Your quasit closely misses the orc knight.
Your quasit barely misses the orc knight.
The orc knight hits your quasit with a war axe!
Your quasit dies!
You continue eating. x2
The orc knight hits you with a war axe.
Use which ability? (? or * to list)
Press: ? - help, Shift-Dir - straight line, f/p - satyr
Aim: a satyr (inspiring fear, durably summoned)
The splash of poison hits the orc knight.
The orc knight is poisoned.
The orc knight is lightly wounded.
You feel slightly more hungry. The orc knight hits you with a war axe!
* * * LOW HITPOINT WARNING * * *
Drink which item? (? for menu, Esc to quit)
You feel better. The orc knight hits you with a war axe!
You die...

.# #...................###.# #.
.#######...........o..###########
...# #...########.#..........(.
##.# #...# #o###.#.#.##... #.#
#...# #.# ####.#..##. #.# #>..#
#.# #.#.#..##.. #.# #...# #.#
#..######.. #.# #...########.#
#### ### #.# #........@oc.# #.
#.#####...########## #.
#.......รท.# #. ####.###..# ##
#.###..# # #..(...# #.###..#
######### #.# #.## #.......# #.#
#.# #.#####.#


You could see an orc knight (roused) and a satyr.

Vanquished Creatures
  An ogre (D:4)
  A hound (D:4)
  An orc priest (D:4)
  2 orc wizards (D:4)
  An iguana (D:4)
  A worker ant (D:4)
  Robin (D:4)
  8 adders
  2 giant mites (D:3)
  4 worms
  An adder skeleton (D:4)
  4 giant geckos
  An ooze (D:1)
  7 orcs
  13 hobgoblins
  A quokka (D:3)
  5 ball pythons
  9 bats
  5 giant cockroaches
  5 giant newts
  8 goblins
  4 jackals
  6 kobolds
  8 rats
  A plant (D:4)
100 creatures vanquished.

Vanquished Creatures (collateral kills)
  An orc wizard (D:3)
  3 gnolls (D:3)
  2 orcs
6 creatures vanquished.

Vanquished Creatures (others)
  A crimson imp (D:4)
  3 quasits (D:4)
  A white imp (D:3)
  An ufetubus (D:4)
6 creatures vanquished.

Grand Total: 112 creatures vanquished

Notes
Turn   | Place    | Note
--------------------------------------------------------------
     0 | D:1      | Jb9000, the Demonspawn Fighter, began the quest for the Orb.
     0 | D:1      | Reached XP level 1. HP: 18/18 MP: 1/1
   291 | D:1      | Gained mutation: You are surrounded by a mild repulsion field (EV +2). [demonic ancestry]
   291 | D:1      | Reached XP level 2. HP: 21/24 MP: 2/2
   670 | D:1      | Gained mutation: You passively map a small area around you. [potion of mutation]
   670 | D:1      | Gained mutation: Scrolls take you a little longer to read. [potion of mutation]
   670 | D:1      | Gained mutation: You can spit poison. [potion of mutation]
  1021 | D:2      | Reached XP level 3. HP: 25/29 MP: 3/3
  1176 | D:2      | Reached skill level 1 in Dodging
  1320 | D:2      | Reached skill level 1 in Stealth
  1451 | D:2      | Gained mutation: A weak demonic guardian rushes to your aid. [demonic ancestry]
  1451 | D:2      | Reached XP level 4. HP: 33/35 MP: 4/4
  1455 | D:2      | Found a white marble altar of Elyvilon.
  1792 | D:3      | Found Zin's Purification Station.
  1796 | D:3      | Found a glowing silver altar of Zin.
  2007 | D:3      | Found an iron altar of Okawaru.
  2030 | D:3      | Became a worshipper of Warmaster Okawaru
  2080 | D:3      | Found an iron altar of Okawaru.
  2109 | D:3      | Gained mutation: You are surrounded by a moderate repulsion field (EV +3). [demonic ancestry]
  2109 | D:3      | Reached XP level 5. HP: 36/41 MP: 5/5
  2901 | D:3      | Found a deep blue altar of Sif Muna.
  2902 | D:3      | Found a snail-covered altar of Cheibriados.
  2989 | D:4      | Noticed Robin
  3002 | D:4      | Killed Robin
  3074 | D:4      | Acquired Okawaru's first power
  3074 | D:4      | Gained mutation: You are surrounded by a strong repulsion field (EV +4, rMsl). [demonic ancestry]
  3074 | D:4      | Reached XP level 6. HP: 13/48 MP: 6/6
  3361 | D:4      | Found a shadowy altar of Dithmenos.
  3436 | D:4      | Reached skill level 1 in Axes
  3611 | D:4      | Noticed an ogre
  3619 | D:4      | Was placed under penance by Okawaru
  3624 | D:4      | Killed an ogre
  3624 | D:4      | Reached skill level 4 in Fighting
  3624 | D:4      | Reached skill level 1 in Throwing
  4114 | D:4      | Noticed an orc knight
  4114 | D:4      | Noticed an orc knight
  4119 | D:4      | Noticed a satyr
  4119 | D:4      | an orc knight changed into a satyr
  4127 | D:4      | HP: 1/48 [orc knight/war axe[the fury of Okawaru] (14)]
  4128 | D:4      | Slain by an orc knight

Action                   |  1- 3 |  4- 6 || total
-------------------------+-------+-------++-------
Melee: Flail             |   108 |    99 ||   207
       Hand axe          |       |   184 ||   184
Throw: Javelin           |       |    33 ||    33
       Tomahawk          |       |     7 ||     7
 Abil: Spit Poison       |     4 |     6 ||    10
Evoke: Wand              |       |     1 ||     1
  Use: Scroll            |     3 |    10 ||    13
       Potion            |     2 |     4 ||     6
  Eat: Chunk             |     2 |    10 ||    12
